 Dungeon Sprint DCSS version 0.19.4-10-g532645f (console) character file.

543 itsmu the Nimble (level 10, -6/57 HPs)
             Began as a Spriggan Necromancer on Feb 25, 2017.
             Was a High Priest of Makhleb.
             Mangled by a ghoul (17 damage)
             ... in the Dungeon (Sprint VI: "Thunderdome").
             The game lasted 00:15:55 (1546 turns).

itsmu the Nimble (Spriggan Necromancer)             Turns: 1546, Time: 00:15:57

Health: -6/57      AC:  5    Str: 13    XL:     10   Next: 9%
Magic:  10/25      EV: 28    Int: 17    God:    Makhleb [*****.]
Gold:   130        SH:  0    Dex: 19    Spells: 5 memorised, 17 levels left

rFire  . . .     SeeInvis +     a - +1 rapier {flame, *Corrode Str+4 Dex+2}
rCold  . . .     Gourm    .     n - +0 troll leather armour
rNeg   . . .     Faith    .     (shield restricted)
rPois  +         Spirit   .     (helmet restricted)
rElec  .         Reflect  .     (no cloak)
rCorr  .         Harm     .     (gloves unavailable)
MR     +....     NoTele   +     (boots unavailable)
Stlth  ++........               (no amulet)
                                q - ring "Jeluf" {rPois Str+2}
                                (no ring)

@: very quick
A: unfitting armour, see invisible, herbivore 3, speed 3, slow metabolism 2
a: Minor Destruction, Lesser Servant of Makhleb, Major Destruction, Greater
Servant of Makhleb, Renounce Religion
}: 1/15 runes: serpentine


You were in the Dungeon.
You worshipped Makhleb.
Makhleb was extremely pleased with you.
You were not hungry.

You visited 1 branch You collected 850 gold pieces.
You spent 720 gold pieces at shops.

Inventory:

Hand Weapons
 a - the +1 rapier "Rec Nude" (weapon) {flame, *Corrode Str+4 Dex+2}
   (You found it in the Dungeon)

   It has been specially enchanted to burn those struck by it, causing extra
   injury to most foes and up to half again as much damage against particularly
   susceptible opponents.
   It affects your strength (+4).
   It affects your dexterity (+2).
   It may corrode you when you take damage.
 b - a +0 demon blade
   (You bought it in a shop in the Dungeon)
 h - a +0 short sword
   (You took it off Terence in the Dungeon)
Armour
 n - a +0 troll leather armour (worn)
   (You bought it in a shop in the Dungeon)
 o - a +0 robe
Jewellery
 p - the ring "Woastrule" {Ice *Corrode rPois rN+}
   (You bought it in a shop in the Dungeon)

   [ring of ice]

   It enhances your ice magic.
   It makes you vulnerable to fire.
   It protects you from cold.
   It protects you from poison.
   It protects you from negative energy.
   It may corrode you when you take damage.
 q - the ring "Jeluf" (right hand) {rPois Str+2}
   (You bought it in a shop in the Dungeon)

   [ring of poison resistance]

   It affects your strength (+2).
   It protects you from poison.
Wands
 j - a wand of acid (0/15)
   (You found it in the Dungeon)
 k - a wand of iceblast (2/15)
   (You found it in the Dungeon)
Scrolls
 i - 3 scrolls of blinking
 l - 2 scrolls of fog
Potions
 d - a potion of curing
 e - 3 potions of heal wounds
 f - 3 potions of haste
 g - a potion of magic
 m - a potion of resistance
Books
 r - a book of Necromancy

   Spells                             Type                      Level
   a - Pain                           Necromancy                   1
   b - Animate Skeleton               Necromancy                   1
   c - Vampiric Draining              Necromancy                   3
   d - Regeneration                   Charms/Necromancy            3
   e - Animate Dead                   Necromancy                   4
   f - Control Undead                 Necromancy                   4
Comestibles
 c - a bread ration


   Skills:
 - Level 8.7 Fighting
 - Level 8.8(8.9) Short Blades
 * Level 1.1(4.3) Long Blades
 - Level 6.1 Armour
 - Level 11.7 Dodging
 - Level 3.0 Stealth
 - Level 10.1 Spellcasting
 - Level 8.4 Necromancy
 + Level 6.2 Invocations


You had 17 spell levels left.
You knew the following spells:

 Your Spells              Type           Power        Failure   Level  Hunger
a - Pain                  Necr           ####         1%          1    None
b - Control Undead        Necr           #####.....   4%          4    ###....
d - Vampiric Draining     Necr           #####.....   1%          3    None
k - Animate Skeleton      Necr           N/A          1%          1    None
R - Regeneration          Chrm/Necr      ###.......   8%          3    None


Dungeon Overview and Level Annotations

Branches:
Dungeon (1/1)

Altars:
Cheibriados
Dithmenos
Fedhas
Gozag
Kikubaaqudgha
Makhleb
Okawaru
Qazlal
Ru
Sif Muna
Trog
Uskayaw
Vehumet
Xom
Yredelemnul
Zin
The Shining One
Beogh
Jiyva
Lugonu

Shops:
D *[%??*?*:[((!!!!


Innate Abilities, Weirdness & Mutations

You are very small and have problems with some larger weapons.
You are too small for most types of armour.
You have supernaturally acute eyesight. (SInv)
You are a herbivore.
You cover ground extremely quickly.
You need consume almost no food.


Message History

Your necrophage submits to your will.
Casting: Control Undead
Confirm with . or Enter, or press ? or * to list all spells.
The ghoul resists with almost no effort. x2
Your necrophage barely misses the ghoul.
The ghoul barely misses you. The ghoul claws you!
Casting: Control Undead
Confirm with . or Enter, or press ? or * to list all spells.
The ghoul resists with almost no effort. x2
The ghoul completely misses you. The ghoul misses you. The ghoul claws you!
The ghoul completely misses you.
Your necrophage skeleton hits the ghoul.
Casting: Control Undead
Confirm with . or Enter, or press ? or * to list all spells.
The ghoul resists with almost no effort. x2
The ghoul claws your necrophage but does no damage.
The ghoul misses your necrophage. The ghoul claws you!!
* * * LOW HITPOINT WARNING * * *
The ghoul claws you!
You die...

######.8...[.....8.######
#∩___......###.)....___∩##
∩........8.# #.8........∩###
...........###.............##
.......)###...###..........⌠#
...[....# #.<.# #..........⌠#
........###...###..........⌠#
......%....###.............##
∩........8.# #.8M.......∩###
#∩__.......###nn...._._∩##
######.8.....Z%n.8.######
#§......Z....⌠#
###.........### #_......._#
#_......._# #_......._#
#∩.......∩#


You could see 2 ghouls, a friendly necrophage and 2 friendly necrophage
skeletons.

Vanquished Creatures
  A bog body (D)
  A steam dragon (D)
  2 insubstantial wisps (D)
  2 sky beasts (D)
  An ogre (D)
  3 necrophages (D)
  2 scorpions (D)
  Terence (D)
  A worm (D)
  A leopard gecko (D)
  An orc (D)
  3 giant cockroaches (D)
  A rat (D)
20 creatures vanquished.

Vanquished Creatures (collateral kills)
  A naga warrior (D)
  A sixfirhy (D)
  A rust devil (D)
  3 ice devils (D)
  2 hellwings (D)
  An insubstantial wisp (D)
9 creatures vanquished.

Grand Total: 29 creatures vanquished

Notes
Turn   | Place    | Note
-------+----------+-------------------------------------------
     0 | D        | itsmu the Spriggan Necromancer began the quest for the Orb.
     0 | D        | Reached XP level 1. HP: 9/9 MP: 5/5
     2 | D        | Found a shimmering altar of Xom.
     3 | D        | Found a shadowy altar of Dithmenos.
     3 | D        | Found a burning altar of Makhleb.
     4 | D        | Found a roughly hewn altar of Beogh.
     4 | D        | Found a corrupted altar of Lugonu.
     5 | D        | Found a snail-covered altar of Cheibriados.
     5 | D        | Found an opulent altar of Gozag.
     5 | D        | Found Xoluel's Premium Goods.
     5 | D        | Found Ytte's Weapon Rack.
     6 | D        | Found Niphobb's Miscellaneous Merchandise.
     6 | D        | Found Yckisoeck's Basic Armour.
     9 | D        | Round 1.
    10 | D        | Noticed Terence
    12 | D        | Found a bloodstained altar of Trog.
    17 | D        | Bought a +0 troll leather armour for 180 gold pieces
    37 | D        | Found a sacrificial altar of Ru.
    41 | D        | Found Lobb's Identification Station.
    42 | D        | Found Veiprism's Advanced Armour.
    42 | D        | Found Dufroypp's Jewellery.
    42 | D        | Found a glowing silver altar of Zin.
    42 | D        | Found a deep blue altar of Sif Muna.
    42 | D        | Found an ancient bone altar of Kikubaaqudgha.
    42 | D        | Found Heqaulyp's Bee Food.
    48 | D        | Found a radiant altar of Vehumet.
    49 | D        | Found a basalt altar of Yredelemnul.
    50 | D        | Found a glowing golden altar of the Shining One.
    52 | D        | Found Ytwaby's Magic Scroll Shop.
    53 | D        | Found Uzaojah's Magic Scroll Shop.
    53 | D        | Found Keojeirgh's Must-Have Magic.
    54 | D        | Found a hide-covered altar of Uskayaw.
    54 | D        | Found Datz's Staff Store.
    59 | D        | Found a viscous altar of Jiyva.
    60 | D        | Found a blossoming altar of Fedhas.
    62 | D        | Found a stormy altar of Qazlal.
    63 | D        | Found Etogrom's Distillery.
    64 | D        | Found Nuilloph's Distillery.
    64 | D        | Found Mukeghipeng's Bottled Wisdom.
    66 | D        | Found an iron altar of Okawaru.
    66 | D        | Found Hovvoph's Do-It-Yourself Clinic.
    76 | D        | Killed Terence
    76 | D        | Reached skill level 1 in Fighting
    76 | D        | Reached skill level 1 in Armour
    76 | D        | Reached skill level 4 in Dodging
    76 | D        | Reached XP level 2. HP: 15/15 MP: 0/8
   149 | D        | Noticed an ogre
   209 | D        | Reached XP level 3. HP: 17/18 MP: 0/9
   223 | D        | Killed an ogre
   223 | D        | Arena points: 12 (+12) [x2]
   223 | D        | Reached skill level 6 in Dodging
   223 | D        | Reached skill level 5 in Spellcasting
   223 | D        | Reached skill level 5 in Necromancy
   223 | D        | Reached XP level 4. HP: 24/24 MP: 6/12
   237 | D        | Became a worshipper of Makhleb the Destroyer
   284 | D        | Learned a level 1 spell: Animate Skeleton
   288 | D        | Learned a level 3 spell: Regeneration
   292 | D        | Learned a level 3 spell: Vampiric Draining
   299 | D        | Round 2.
   337 | D        | Reached skill level 7 in Dodging
   337 | D        | Reached XP level 5. HP: 28/29 MP: 6/14
   348 | D        | Reached * piety under Makhleb
   427 | D        | Reached skill level 8 in Dodging
   457 | D        | Reached ** piety under Makhleb
   457 | D        | Arena points: 54 (+42) [x3]
   471 | D        | Bought a heavily runed turquoise ring for 45 gold pieces
   471 | D        | Bought a slimy silver ring for 45 gold pieces
   471 | D        | Identified the ring "Woastrule" {Ice *Corrode rPois rN+} (You bought it in a shop in the Dungeon)
   472 | D        | Identified the ring "Jeluf" {rPois Str+2} (You bought it in a shop in the Dungeon)
   549 | D        | Round 3.
   580 | D        | Noticed a steam dragon
   588 | D        | Noticed a sky beast
   596 | D        | Killed a sky beast
   600 | D        | Killed a steam dragon
   600 | D        | Reached skill level 5 in Fighting
   600 | D        | Reached XP level 6. HP: 13/35 MP: 2/17
   634 | D        | Noticed a sky beast
   655 | D        | Noticed an insubstantial wisp
   659 | D        | Killed a sky beast
   659 | D        | Reached skill level 5 in Short Blades
   659 | D        | Reached skill level 9 in Dodging
   700 | D        | Killed an insubstantial wisp
   700 | D        | Reached *** piety under Makhleb
   700 | D        | Reached XP level 7. HP: 14/39 MP: 6/19
   722 | D        | Arena points: 138 (+84) [x4]
   811 | D        | Round 4.
   812 | D        | Noticed a rust devil
   819 | D        | Noticed an ice devil
   852 | D        | Noticed a hellwing
   863 | D        | Noticed an ice devil
   878 | D        | Noticed an ice devil
   947 | D        | Killed a rust devil
   947 | D        | Reached skill level 10 in Dodging
   961 | D        | Killed an ice devil
   973 | D        | Noticed a hellwing
   975 | D        | Noticed a sixfirhy
   975 | D        | Killed an ice devil
   975 | D        | Reached XP level 8. HP: 21/46 MP: 22/22
   986 | D        | Killed a sixfirhy
   986 | D        | Reached skill level 5 in Invocations
  1008 | D        | Killed a hellwing
  1008 | D        | Reached skill level 11 in Dodging
  1013 | D        | Killed an ice devil
  1013 | D        | Reached **** piety under Makhleb
  1025 | D        | Killed a hellwing
  1025 | D        | Arena points: 298 (+160) [x5]
  1052 | D        | Learned a level 4 spell: Control Undead
  1079 | D        | Round 5.
  1091 | D        | Noticed a naga warlord
  1157 | D        | Killed a naga warlord
  1157 | D        | Arena points: 543 (+245) [x7]
  1157 | D        | Reached skill level 10 in Spellcasting
  1157 | D        | Reached XP level 9. HP: 34/52 MP: 22/24
  1158 | D        | Got a transparent rapier
  1158 | D        | Got a serpentine rune of Zot
  1159 | D        | Identified the +1 rapier "Rec Nude" {flame, *Corrode Str+4 Dex+2} (You found it in the Dungeon)
  1181 | D        | Reached XP level 10. HP: 46/57 MP: 25/25
  1185 | D        | Bought a +0 demon blade for 450 gold pieces
  1373 | D        | Round 6.
  1376 | D        | Noticed a ghoul
  1509 | D        | Reached skill level 1 in Long Blades
  1512 | D        | Reached ***** piety under Makhleb
  1532 | D        | Noticed a ghoul
  1546 | D        | Mangled by a ghoul

Skill      XL: |  1  2  3  4  5  6  7  8  9 10 |
---------------+-------------------------------+-----
Fighting       | 1 2 3 5 7 8 |  8.7
Armour         | 1 2 6 |  6.1
Dodging        | 4 6 7 8 9 10 11 | 11.7
Spellcasting   | 4 5 6 7 9 10 | 10.1
Necromancy     | 4 5 6 7 8 |  8.4
Short Blades   | 2 4 6 7 8 |  8.8
Invocations    | 2 3 4 6 |  6.2
Long Blades    | 1 |  1.1
Stealth        | |  3.0

Action                   |  1- 3 |  4- 6 |  7- 9 | 10-12 || total
-------------------------+-------+-------+-------+-------++-------
Melee: Short sword       |       |    38 |    36 |       ||    74
       Rapier            |       |       |       |    10 ||    10
 Cast: Pain              |    20 |    28 |       |       ||    48
       Animate Skeleton  |       |     2 |       |     3 ||     5
       Vampiric Draining |       |     2 |       |       ||     2
       Regeneration      |       |     1 |     3 |     4 ||     8
       Control Undead    |       |       |       |     9 ||     9
Invok: Lesser Servant of |       |       |    17 |     1 ||    18
Evoke: Wand              |     1 |     3 |     4 |       ||     8
  Use: Potion            |     1 |       |     4 |     1 ||     6
       Scroll            |       |       |     2 |       ||     2
 Stab: Distracted        |       |       |     1 |     1 ||     2
Armor: Troll leather arm |       |     1 |     2 |     2 ||     5
Dodge: Dodged            |     2 |    37 |    51 |    14 ||   104
